Map: [ESL] Royal Blood

Players

eGGz

  • Race: Zerg Zerg
  • Spawn Location: 7:00

Cham - Winner!

  • Race: Zerg Zerg
  • Spawn Location: 1:00

Event: ESL SC2 Masters 2023 Summer (Regionals)

VOD

Have the link to the VOD?

Description

Time

  • Played on: May 3, 2023, 2:29 p.m.
  • Length: 10:11

All games in this series

Show
View Real Time Build Order
Export as new Build Order

eGGz Zerg 

Build Orders: Hatch First 

Get SALT Encoding   

  12  0:01  Drone  
  13  0:13  Overlord  
  13  0:18  Drone  
  14  0:33  Drone x2  
  16  0:37  Drone  
  17  0:51  Hatchery  
  17  0:54  Drone  
  17  0:58  Drone  
  18  1:11  Extractor  
  17  1:12  Spawning Pool  
  17  1:15  Drone  
  18  1:18  Drone  
  18  1:32  Drone  
  19  1:43  Drone  
  20  1:57  Overlord  
  20  2:03  Queen  
  20  2:04  Queen  
  20  2:05  Drone  
  20  2:06  Drone  
  26  2:12  Drone  
  26  2:14  Metabolic Boost  
  27  2:16  Drone  
  28  2:23  Drone  
  28  2:27  Drone  
  30  2:33  Drone, Evolution Chamber  
  30  2:36  Drone  
  31  2:44  Roach Warren  
  31  2:48  Drone x2  
  32  2:53  Queen  
  32  2:54  Overlord  
  32  2:58  Drone  
  35  3:11  Drone  
  36  3:17  Zergling x14  
  43  3:20  Zergling x2  
  43  3:24  Zerg Missile Weapons Level 1  
  44  3:31  Overlord  
  44  3:40  Overlord  
  44  3:47  Overlord  
  44  3:49  Zergling x10  
  44  3:55  Drone  
  50  3:56  Extractor  
  50  3:58  Extractor  
  50  3:59  Drone  
  49  4:03  Drone x3  
  49  4:07  Hatchery  
  51  4:11  Drone x2  
  53  4:18  Drone  
  53  4:27  Drone  
  53  4:29  Drone  
  55  4:35  Roach  
  55  4:36  Roach x2  
  61  4:40  Roach x3  
  61  4:44  Spine Crawler  
  61  4:45  Spine Crawler, Evolution Chamber  
  65  4:47  Roach x2  
  68  5:03  Overlord, Lair  
  68  5:04  Overlord  
  62  5:22  Roach x4  
  62  5:28  Roach x2  
  69  5:33  Roach  
  66  5:38  Roach, Zergling x12  
  66  5:41  Drone x3  
  66  5:42  Roach Warren  
  76  5:47  Roach  
  78  5:54  Overlord  
  78  5:57  Overlord  
  78  6:03  Overlord  
  78  6:07  Overlord  
  78  6:16  Extractor  
  78  6:17  Spire  
  76  6:22  Overlord  
  76  6:24  Roach x3  
  82  6:27  Roach  
  84  6:34  Roach  
  84  6:42  Roach x4  
  90  6:55  Overlord  
  88  7:02  Glial Reconstitution  
  88  7:04  Overlord  
  88  7:05  Overlord  
  88  7:29  Mutalisk x4  
  90  7:31  Mutalisk  
  90  7:36  Roach x2  
  102  7:39  Roach  
  102  7:44  Roach  
  106  7:46  Overlord  
  106  7:52  Roach  
  106  7:58  Hatchery  
  106  8:01  Roach  
  106  8:05  Roach x2  
  110  8:14  Roach x2  
  110  8:15  Roach  
  115  8:20  Overlord  
  105  8:34  Roach x4  
  107  8:45  Roach x6  
  106  8:50  Roach  
  106  8:54  Roach  
  108  9:01  Roach x2  
  108  9:02  Ravager  
  113  9:04  Ravager  
  113  9:05  Ravager  
  113  9:31  Roach x5  
  76  9:43  Roach x2  
Show
View Real Time Build Order
Export as new Build Order

Cham Zerg - Winner!

Build Orders: Hatch First 

Get SALT Encoding   

  12  0:00  Drone  
  13  0:12  Overlord  
  13  0:17  Drone  
  14  0:30  Drone  
  14  0:31  Drone  
  16  0:48  Hatchery  
  15  0:51  Drone  
  15  0:56  Drone  
  17  1:09  Spawning Pool  
  16  1:11  Drone  
  16  1:14  Extractor  
  16  1:16  Drone  
  17  1:20  Drone  
  18  1:32  Drone  
  19  1:45  Drone  
  20  1:55  Queen  
  20  1:59  Queen  
  24  2:01  Drone  
  24  2:02  Drone, Overlord  
  26  2:11  Drone x2  
  28  2:17  Metabolic Boost  
  28  2:22  Zergling x4  
  30  2:36  Hatchery  
  29  2:43  Drone x3  
  32  2:46  Overlord  
  32  2:54  Evolution Chamber  
  31  2:59  Roach Warren  
  31  3:00  Drone x2  
  33  3:10  Drone x3  
  33  3:11  Drone  
  37  3:17  Overlord  
  37  3:20  Overlord  
  37  3:25  Drone  
  38  3:37  Extractor  
  38  3:40  Roach x6  
  49  3:43  Roach  
  49  3:46  Roach  
  53  3:49  Roach  
  53  3:52  Roach  
  53  3:55  Overlord  
  57  4:01  Zergling x6  
  57  4:02  Zergling x2  
  61  4:14  Zergling x10  
  65  4:20  Baneling Nest  
  64  4:30  Zergling x2  
  64  4:31  Zergling x10  
  70  4:33  Zergling x2  
  70  4:34  Ravager  
  70  4:35  Ravager  
  70  4:37  Zergling x2  
  74  4:41  Overlord  
  74  4:44  Overlord  
  74  4:57  Overlord  
  73  5:11  Zergling x12  
  73  5:13  Zergling x8  
  77  5:21  Drone  
  77  5:22  Drone x3  
  75  5:30  Drone x4  
  77  5:38  Ravager x2  
  77  5:39  Ravager x2  
  81  5:47  Drone x5  
  86  5:50  Drone  
  87  5:59  Drone x3  
  87  6:03  Extractor, Queen  
  91  6:06  Drone x2  
  91  6:09  Overlord  
  93  6:14  Drone  
  93  6:17  Overlord  
  94  6:22  Roach  
  96  6:28  Extractor  
  96  6:29  Roach x2  
  96  6:31  Ravager  
  100  6:33  Roach x2  
  100  6:34  Roach, Overlord  
  106  6:45  Drone x3  
  109  6:48  Overlord  
  109  6:49  Drone x2, Overlord  
  109  6:51  Roach  
  113  6:56  Roach  
  113  7:01  Lair  
  115  7:05  Roach x3  
  121  7:08  Drone  
  121  7:09  Drone, Overlord  
  123  7:17  Roach x4  
  123  7:22  Drone x2  
  132  7:23  Evolution Chamber  
  131  7:33  Roach x2, Overlord  
  131  7:34  Drone x2  
  136  7:38  Drone x2  
  136  7:40  Drone  
  139  7:44  Extractor, Drone x3  
  139  7:45  Roach  
  139  7:46  Roach  
  139  7:50  Overlord  
  145  7:56  Spore Crawler  
  145  7:57  Spore Crawler  
  140  7:58  Spore Crawler  
  140  7:59  Glial Reconstitution  
  140  8:00  Roach  
  140  8:03  Spore Crawler  
  140  8:04  Roach  
  140  8:05  Roach  
  138  8:22  Drone x4  
  138  8:24  Hydralisk Den  
  129  8:42  Roach x2, Drone x3  
  129  8:43  Roach  
  129  8:46  Drone x3  
  129  8:47  Drone, Overlord x2  
  137  8:50  Extractor  
  137  8:52  Spore Crawler  
  137  8:53  Hydralisk x4  
  138  8:57  Hydralisk x2  
  138  9:01  Overlord  
  141  9:04  Overlord  
  141  9:08  Roach x2  
  145  9:13  Roach x2  
  145  9:19  Overlord x2  
  118  9:35  Hydralisk  
  118  9:36  Hydralisk x6  
  113  9:39  Roach  
  113  9:41  Roach  
  113  9:43  Roach  
  113  9:45  Roach  
  99  9:47  Roach  
  99  9:50  Roach  
Tags
 
Add a new tag
Caveats
  • Supply blocks, unpowered buildings, or Contaminate may cause inaccurate times.
  • Supply counts are checked every 10 seconds.